 Dungeon Crawl Stone Soup version 0.25-a0-949-gdd2af9e06e (webtiles) character file.

Game seed: 6151819898775541446, levelgen mode: deterministic

169582 MisterFreud the Peltast (level 17, -2/115 HPs)
             Began as an Octopode Gladiator on May 8, 2020.
             Was the Champion of Cheibriados.
             Slain by a wolf spider (3 damage)
             ... on level 3 of the Spider Nest.
             The game lasted 01:13:04 (32315 turns).

MisterFreud the Peltast (Octopode Gladiator)       Turns: 32315, Time: 01:13:05

Health: -2/115     AC:  3    Str: 28    XL:     17   Next: 97%
Magic:  0/33       EV: 32    Int: 39    God:    Cheibriados [******]
Gold:   2070       SH:  0    Dex: 33    Spells: 16/16 levels left

rFire    + + .     SeeInvis +   k - +8 demon blade "Leech" {vamp, *Rage +Rage rN+}
rCold    + + .     Gourm    .   j - +0 tower shield of Divine Compulsion {Int+7} (curse)
rNeg     + . .     Faith    .   N - +2 hat
rPois    +         Spirit   +   i - amulet of guardian spirit
rElec    .         Reflect  .   (no ring)
rCorr    .         Harm     .   y - ring of protection from cold
MR       +....     Rnd*Rage +   J - ring of wizardry
Stlth    +++.......             U - ring of poison resistance
HPRegen  0.29/turn              X - ring of magical power
MPRegen  0.23/turn              T - ring of flight
                                g - ring of Negasem {+Inv rC+ Int-5 Dex+3 Stlth+}
                                u - ring "Agouschoi" {rF++ Int+6 SInv}

@: confused, lethally poisoned (-2 -> -26), berserk cooldown, slowed, very slow
A: almost no armour, stealthy swim, amphibious, 8 rings, constrict 8, camouflage
1, gelatinous body 1
a: Bend Time, Temporal Distortion, Slouch, Step From Time, Renounce Religion,
Evoke Berserk Rage, Evoke Invisibility, Evoke Flight


You were on level 3 of the Spider Nest.
You worshipped Cheibriados.
Cheibriados was exalted by your worship.
You were not hungry.

You visited 4 branches of the dungeon, and saw 26 of its levels.
You also visited: Gauntlet and Ice Cave.

You collected 2866 gold pieces.
You spent 796 gold pieces at shops.

Inventory:

Hand Weapons
 e - a +6 great sword of freezing
 k - the +8 demon blade "Leech" (weapon) {vamp, *Rage +Rage rN+}
   (You found it on level 6 of the Lair of Beasts)

   It inflicts no extra harm, but heals its wielder when it wounds a living foe.
   It protects you from negative energy.
   It lets you go berserk.
   It may make you go berserk in combat.
Missiles
 c - 6 throwing nets (quivered)
 s - 10 javelins
 Y - 19 silver javelins
Armour
 j - the cursed +0 tower shield of Divine Compulsion (worn) {Int+7}
   (You bought it in a shop on level 2 of the Orcish Mines)

   It affects your intelligence (+7).
   It has a curse placed upon it.
 N - a +2 hat (worn)
Jewellery
 g - the ring of Negasem (on tentacle) {+Inv rC+ Int-5 Dex+3 Stlth+}
   (You acquired it on level 2 of the Lair of Beasts)

   [ring of stealth]

   It affects your intelligence (-5).
   It affects your dexterity (+3).
   It protects you from cold.
   It lets you turn invisible.
   It makes you more stealthy.
 i - an amulet of guardian spirit (around mantle)
 l - an uncursed amulet of regeneration
 q - a cursed amulet of inaccuracy {unknown}
 u - the ring "Agouschoi" (on tentacle) {rF++ Int+6 SInv}
   (You found it in a Gauntlet)

   [ring of see invisible]

   It affects your intelligence (+6).
   It greatly protects you from fire.
   It lets you see invisible.
 y - a ring of protection from cold (right tentacle)
 J - a ring of wizardry (on tentacle)
 T - a ring of flight (on tentacle)
 U - a ring of poison resistance (on tentacle)
 X - a ring of magical power (on tentacle)
Wands
 n - a wand of iceblast (36)
 r - a wand of acid (45)
 t - a wand of paralysis (32)
 x - a wand of enslavement (25)
 D - a wand of clouds (12)
 I - a wand of flame (19)
 K - a wand of digging (14)
 Z - a wand of scattershot (9)
Scrolls
 b - 2 scrolls of brand weapon
 h - 14 scrolls of teleportation
 m - a scroll of enchant armour
 A - 2 scrolls of immolation
 B - 5 scrolls of identify
 C - a scroll of fog
 F - 21 scrolls of remove curse
 G - 3 scrolls of amnesia
 Q - 4 scrolls of fear
 S - 2 scrolls of blinking
Potions
 f - 3 potions of resistance
 o - 6 potions of flight
 p - 2 potions of stabbing
 v - 7 potions of heal wounds
 w - 16 potions of curing
 z - 3 potions of ambrosia
 E - 4 potions of magic
 H - 5 potions of might
 O - 2 potions of mutation
 P - 2 potions of cancellation
 V - a potion of invisibility
Miscellaneous
 a - a phantom mirror
 M - a phial of floods
 R - a tin of tremorstones
 W - a lightning rod (4/4)
Comestibles
 d - 56 rations
 L - a chunk of flesh


   Skills:
 - Level 10.0 Fighting
 - Level 14.0 Long Blades
 - Level 2.0 Throwing
 - Level 16.0 Dodging
 + Level 17.3 Shields
 - Level 10.0 Invocations
 - Level 10.0 Evocations


You had 16 spell levels left.
You didn't know any spells.
Your spell library contained the following spells:

 Spells                   Type           Power        Failure   Level  Hunger
 Animate Skeleton         Necr           N/A          6%          1    ##.....
 Apportation              Tloc           #.....       6%          1    ##.....
 Corona                   Hex            #......      6%          1    ##.....
 Magic Dart               Conj           #...         6%          1    ##.....
 Sting                    Tmut/Pois      #...         6%          1    ##.....
 Summon Butterflies       Summ           #.......     6%          1    ##.....
 Summon Small Mammal      Summ           #...         6%          1    ##.....
 Call Imp                 Summ           #.......     9%          2    ###....
 Passwall                 Tmut/Erth      #.......     9%          2    ###....
 Poisonous Vapours        Pois/Air       #.....       9%          2    ###....
 Searing Ray              Conj           #.....       9%          2    ###....
 Swiftness                Chrm/Air       #.......     9%          2    ###....
 Call Canine Familiar     Summ           #.......     16%         3    ####...
 Dazzling Flash           Conj/Hex       #.....       16%         3    ####...
 Ignite Poison            Fire/Tmut/Pois #.......     16%         3    ####...
 Mephitic Cloud           Conj/Pois/Air  #.......     16%         3    ####...
 Summon Guardian Golem    Hex/Summ       #.......     16%         3    ####...
 Fulminant Prism          Conj/Hex       #.........   45%         4    #####..
 Ice Form                 Ice/Tmut       #.......     45%         4    #####..
 Iskenderun's Mystic Bla  Conj/Tloc      #.......     45%         4    #####..
 Olgreb's Toxic Radiance  Pois           #.......     45%         4    #####..
 Passage of Golubria      Tloc           N/A          45%         4    #####..
 Summon Ice Beast         Ice/Summ       #.......     45%         4    #####..
 Summon Lightning Spire   Summ/Air       #.......     45%         4    #####..
 Lee's Rapid Deconstruct  Erth           #.........   80%         5    ######.
 Metabolic Englaciation   Hex/Ice        #.........   80%         5    ######.
 Summon Mana Viper        Hex/Summ       #.......     80%         5    ######.
 Darkness                 Hex            #.........   100%        6    #######
 Freezing Cloud           Conj/Ice/Air   #.........   100%        6    #######
 Invisibility             Hex            #.......     100%        6    #######
 Ozocubu's Refrigeration  Ice            #.........   100%        6    #######
 Simulacrum               Ice/Necr       #.........   100%        6    #######
 Summon Hydra             Summ           #.........   100%        7    #######


Dungeon Overview and Level Annotations

Branches:
Dungeon (15/15)            Temple (0/1) D:7            Lair (6/6) D:10
  Swamp (0/4) Lair:4       Spider (3/4) Lair:3        Slime (0/5) Lair:6
    Orc (2/2) D:10            Elf (0/3) Orc:2        Vaults (0/5) D:13
 Depths (0/5) D:15          IceCv (visited)         Gauntlet (visited)

Altars:
Cheibriados
Dithmenos
Fedhas
Gozag
Hepliaklqana
Makhleb
Qazlal
Sif Muna
Uskayaw
Vehumet
Xom
The Shining One
Beogh

Shops:
D:6 *   D:10 :   Orc:1 **   Orc:2 **}[

Portals:
Pandemonium: Orc:2

Annotations:
D:6 exclusion: electric eel
Lair:1 1 exclusion
Lair:4 exclusion: 2 oklob plants
Lair:6 exclusion: oklob plant
Spider:3 Arachne
Orc:1 3 runed translucent doors, exclusion: obsidian statue, Takly's ghost, journeyman MiBe


Innate Abilities, Weirdness & Mutations

You cannot wear most types of armour.
You are very stealthy in the water. (Stealth+)
You are amphibious.
You can wear up to eight rings at the same time.
You can use your tentacles to constrict eight enemies at once.
Your skin changes colour to match your surroundings (Stealth+).
Your rubbery body absorbs attacks. (AC +1, EV +1)


Message History

Unknown command.
You are too berserk!
Unknown command.
Unknown command.
Unknown command.
Unknown command.
Unknown command.
Unknown command.
Unknown command.
Unknown command.
The web tears apart.
You are no longer berserk.
You are exhausted.
You feel yourself slow down.
* * * LOW HITPOINT WARNING * * *
You feel sick. The tarantella completely misses you.
The tarantella barely misses you. The wolf spider hits you.
* * * LOW HITPOINT WARNING * * *
The wolf spider completely misses you. The wolf spider hits you.
You die...

.... ...##.. ^.^.
..#.^..#. .^...
#...#..... ...^.
#........^ .# .^^..°
....#......^.
^.....##......^..#.#.
^....#†sy.....#.....
...#.ssss.....^... ..#
#.†yH@#$#.#....###.^#
#...†#ss....^^......###
..^..#####..#.##..###...#
..^## ##...†........#.#
## ##..#..>#.......##
#....^.#......^..#
##...#†.#.....#..##
##..^...†..#.....#
#.<####..^#.....##


You could see Arachne, 3 wolf spiders, 2 hornets, a jumping spider and 3
tarantellas.

Vanquished Creatures
  An orc warlord (Orc:2)
  2 ghost moths
  4 entropy weavers
  Nessos (D:15)
  A minotaur (Gauntlet)
  An ettin (Orc:2)
  Josephine (D:13)
  2 ogre magi (D:15)
  An ice dragon (D:13)
  2 hydras
  Fannar (Lair:3)
  2 catoblepae
  17 two-headed ogres
  3 centaur warriors
  3 orc high priests (Orc:2)
  Urug (Lair:1)
  14 death yaks
  4 tengu warriors (D:14)
  A sun demon (Orc:2)
  A sixfirhy (Orc:2)
  4 skeletal warriors (D:13)
  An unseen horror (shapeshifter) (D:15)
  An unseen horror (D:10)
  A wizard (D:15)
  A torturous demonspawn (Orc:2)
  A deep troll (shapeshifter) (Gauntlet)
  2 gelid demonspawn (Orc:2)
  A lindwurm (Lair:6)
  7 orc knights (Orc:2)
  A harpy (Spider:2)
  7 orb spiders
  21 wolf spiders
  A wolf spider zombie (D:15)
  22 ugly things
  10 orc sorcerers
  2 deep elf magi
  A moth of wrath (Gauntlet)
  6 cyclopes
  4 manticores
  5 elephants
  A naga mage (D:15)
  Maurice (Orc:2)
  3 guardian serpents
  8 black mambas
  16 spiny frogs
  A gargoyle (D:14)
  A smoke demon (Orc:2)
  3 ice statues (IceCv)
  A yaktaur (D:14)
  A spiny frog (shapeshifter) (Gauntlet)
  5 kobold demonologists (D:15)
  5 rime drakes
  7 komodo dragons
  2 red devils (Orc:2)
  A freezing wraith (D:13)
  7 demonic crawlers
  3 queen bees
  24 jumping spiders
  5 trolls
  A tengu conjurer (D:14)
  6 meliai
  6 polar bears
  9 dream sheep
  A slime creature (shapeshifter) (D:13)
  6 slime creatures (D:14)
  7 blink frogs
  9 hornets
  9 hippogriffs
  4 centaur simulacra (D:14)
  48 redbacks
  Sigmund (D:3)
  3 shadows
  17 tarantellas
  4 wraiths
  64 yaks
  2 vampires
  15 wyverns
  A ynoxinul (Orc:2)
  2 basilisks (Lair:4)
  A human (Spider:2)
  A redback simulacrum (D:14)
  3 wargs
  A hungry ghost (D:9)
  8 vampire mosquitoes (D:15)
  A soldier ant (shapeshifter) (Gauntlet)
  A soldier ant (D:13)
  23 water moccasins
  6 porcupines
  Duvessa (D:6)
  6 sky beasts
  44 orc warriors
  2 phantoms
  19 ice beasts
  A black bear (shapeshifter) (D:13)
  2 black bears
  2 necrophages
  An eye of draining (Spider:2)
  15 wolves
  12 ogres
  16 centaurs
  13 crocodiles
  2 big kobolds
  Blork the orc (D:6)
  4 earth elementals (Spider:2)
  A wyvern zombie (D:14)
  Dowan (D:6)
  21 bullfrogs
  A wyvern skeleton (D:12)
  4 scorpions
  62 killer bees
  6 wights
  5 howler monkeys
  5 electric eels
  5 centaur zombies
  7 crimson imps
  4 centaur skeletons
  15 jellies
  28 orc priests
  A wyvern simulacrum (D:14)
  3 bullfrog zombies
  4 hounds
  4 iguanas
  Jessica (D:3)
  A bullfrog skeleton (D:9)
  Ijyb (D:3)
  11 hell rats
  25 orc wizards
  Natasha (twice) (D:3)
  16 worker ants
  2 hound zombies
  2 hound skeletons
  2 worker ant zombies (D:6)
  4 gnolls (D:6)
  A howler monkey skeleton (D:6)
  12 adders
  5 shadow imps
  4 white imps (D:14)
  2 ufetubi (D:14)
  2 oozes (Lair:6)
  An adder skeleton (D:4)
  An adder zombie (D:8)
  6 worms
  2 dart slugs
  13 leopard geckos
  81 orcs
  3 ball pythons
  6 bats
  13 giant cockroaches
  5 goblins
  6 hobgoblins
  5 jackals
  5 quokkas
  3 frilled lizards
  A giant cockroach zombie (D:6)
  16 kobolds
  A leopard gecko skeleton (D:4)
  3 quokka zombies (D:6)
  6 rats
1105 creatures vanquished.

Vanquished Creatures (others)
  An unseen horror (D:15)
  4 dream sheep (Lair:3)
  A killer bee (Spider:1)
  2 orcs
  12 fungi
  9 plants
29 creatures vanquished.

Grand Total: 1134 creatures vanquished

Notes
Turn   | Place    | Note
-------+----------+-------------------------------------------
     0 | D:1      | MisterFreud the Octopode Gladiator began the quest for the
                  | Orb.
     0 | D:1      | Reached XP level 1. HP: 14/14 MP: 1/1
   192 | D:1      | Reached XP level 2. HP: 20/20 MP: 2/2
   785 | D:2      | Reached XP level 3. HP: 23/26 MP: 3/3
  1066 | D:2      | Found an opulent altar of Gozag.
  1168 | D:2      | Reached XP level 4. HP: 29/33 MP: 4/4
  1608 | D:2      | Found a shimmering blue altar of Sif Muna.
  1779 | D:3      | Noticed Jessica
  1797 | D:3      | Killed Jessica
  1797 | D:3      | Reached XP level 5. HP: 24/37 MP: 5/5
  2022 | D:3      | Noticed Ijyb
  2022 | D:3      | Noticed Sigmund
  2041 | D:3      | Killed Ijyb
  2383 | D:3      | Killed Sigmund
  2383 | D:3      | Reached XP level 6. HP: 18/43 MP: 3/6
  2615 | D:3      | Noticed Natasha
  2620 | D:3      | Killed Natasha
  3096 | D:3      | Noticed Natasha
  3104 | D:3      | Killed Natasha
  3387 | D:4      | Reached XP level 7. HP: 48/48 MP: 7/7
  3820 | D:4      | Noticed a +0 hand axe
  3821 | D:4      | Noticed a +0 dagger
  3828 | D:4      | Found a hide-covered altar of Uskayaw.
  3858 | D:4      | Reached skill level 5 in Dodging
  4027 | D:5      | Entered Level 5 of the Dungeon
  4081 | D:5      | Found a burning altar of Makhleb.
  4678 | D:5      | Found a stormy altar of Qazlal.
  4716 | D:5      | Found a snail-covered altar of Cheibriados.
  4767 | D:5      | Became a worshipper of Cheibriados the Contemplative
  4861 | D:5      | Reached XP level 8. HP: 54/54 MP: 8/8
  5144 | D:6      | Found Ufojoaz's Assorted Antiques.
  5186 | D:6      | Reached * piety under Cheibriados
  5362 | D:6      | Bought a silver ring for 115 gold pieces
  5451 | D:6      | Found a glowing golden altar of the Shining One.
  5561 | D:6      | Noticed Dowan
  5577 | D:6      | Noticed Duvessa
  5585 | D:6      | Killed Duvessa
  5589 | D:6      | Killed Dowan
  5837 | D:6      | Reached ** piety under Cheibriados
  5995 | D:6      | Reached XP level 9. HP: 31/58 MP: 4/9
  6001 | D:6      | Reached skill level 10 in Dodging
  6134 | D:6      | Reached skill level 1 in Invocations
  6471 | D:6      | Noticed Blork the orc
  6473 | D:6      | Killed Blork the orc
  6658 | D:7      | Reached skill level 5 in Invocations
  6662 | D:7      | Reached *** piety under Cheibriados
  6676 | D:7      | Reached skill level 1 in Evocations
  6869 | D:7      | Found a staircase to the Ecumenical Temple.
  7019 | D:7      | Found a blossoming altar of Fedhas.
  7144 | D:7      | Reached skill level 5 in Evocations
  7281 | D:7      | Reached XP level 10. HP: 45/65 MP: 8/14
  7568 | D:7      | Reached **** piety under Cheibriados
  7568 | D:7      | Reached skill level 5 in Fighting
  7775 | D:8      | Found a shadowy altar of Dithmenos.
  7789 | D:8      | Found a radiant altar of Vehumet.
  7790 | D:8      | Found a hazy altar of Hepliaklqana.
  8951 | D:9      | Noticed a two-headed ogre
  8961 | D:9      | Killed a two-headed ogre
  9354 | D:9      | Reached skill level 10 in Long Blades
  9490 | D:9      | Reached ***** piety under Cheibriados
  9490 | D:9      | Reached XP level 11. HP: 72/72 MP: 15/15
  9634 | D:10     | Entered Level 10 of the Dungeon
  9681 | D:10     | Noticed an unseen horror
  9690 | D:10     | Killed an unseen horror
  9957 | D:10     | Found a staircase to the Orcish Mines.
 10279 | D:10     | Noticed a two-headed ogre
 10290 | D:10     | Killed a two-headed ogre
 10470 | D:10     | Found Xorunles's Book Shoppe.
 10480 | D:10     | Found a staircase to the Lair.
 11083 | D:11     | Noticed a cyclops
 11087 | D:11     | Killed a cyclops
 11889 | D:11     | Noticed a manticore
 11909 | D:11     | Killed a manticore
 12230 | D:11     | Noticed a red ugly thing
 12241 | D:11     | Killed a red ugly thing
 12319 | Lair:1   | Entered Level 1 of the Lair of Beasts
 12387 | Lair:1   | Reached XP level 12. HP: 63/79 MP: 15/16
 12773 | Lair:1   | Noticed Urug
 12792 | Lair:1   | Killed Urug
 14228 | Lair:1   | Identified a scroll of acquirement
 14688 | Lair:2   | Identified the ring of Negasem {+Inv rC+ Int-5 Dex+3
                  | Stlth+} (You acquired it on level 2 of the Lair of Beasts)
 15388 | Lair:3   | Noticed Fannar
 15394 | Lair:3   | Reached ****** piety under Cheibriados
 15394 | Lair:3   | Reached skill level 10 in Fighting
 15398 | Lair:3   | Killed Fannar
 15398 | Lair:3   | Reached XP level 13. HP: 51/92 MP: 14/18
 15927 | Lair:3   | Found a shimmering altar of Xom.
 16194 | Lair:3   | Found a hole to the Spider Nest.
 17472 | Lair:4   | Reached skill level 10 in Invocations
 17488 | Lair:4   | Reached skill level 10 in Evocations
 17875 | Lair:4   | Found a staircase to the Swamp.
 19093 | Lair:5   | Reached XP level 14. HP: 91/99 MP: 21/21
 19283 | Lair:6   | Entered Level 6 of the Lair of Beasts
 19529 | Lair:6   | Found a staircase to the Slime Pits.
 20713 | Lair:6   | Found the +8 demon blade "Leech" {vamp, *Rage +Rage rN+}
 22188 | D:12     | Reached skill level 1 in Shields
 22290 | D:12     | You fall into a shaft and drop 1 floor!
 22338 | D:13     | Noticed Josephine
 22349 | D:13     | Killed Josephine
 22349 | D:13     | Reached skill level 2 in Shields
 22413 | D:13     | Reached XP level 15. HP: 103/103 MP: 22/22
 22674 | D:13     | Reached skill level 3 in Shields
 22689 | D:13     | Reached skill level 15 in Dodging
 23259 | D:13     | Reached skill level 4 in Shields
 23271 | D:13     | Found a gate to the Vaults.
 23460 | D:14     | Found a frozen archway.
 23469 | IceCv    | Entered an ice cave
 24374 | D:14     | Reached skill level 5 in Shields
 24468 | D:14     | Reached skill level 6 in Shields
 24809 | D:14     | Reached skill level 7 in Shields
 25088 | D:15     | Entered Level 15 of the Dungeon
 25162 | D:15     | Found a gate leading to a gauntlet.
 25170 | D:15     | Reached skill level 8 in Shields
 25198 | Gauntlet | Entered a Gauntlet
 25198 | Gauntlet | Found a transporter.
 25198 | Gauntlet | Found a transporter.
 25198 | Gauntlet | Found a transporter.
 25242 | Gauntlet | Found a transporter.
 25245 | Gauntlet | Found a transporter.
 25245 | Gauntlet | Found a transporter.
 25302 | Gauntlet | Found a transporter.
 25307 | Gauntlet | Found a transporter.
 25313 | Gauntlet | Reached skill level 9 in Shields
 25343 | Gauntlet | Found a transporter.
 25345 | Gauntlet | Reached XP level 16. HP: 109/109 MP: 23/23
 25356 | Gauntlet | Got a warped bone ring
 25359 | Gauntlet | Identified the ring "Agouschoi" {rF++ Int+6 SInv} (You
                  | found it in a Gauntlet)
 25372 | Gauntlet | Found the +0 pair of fencer's gloves {Riposte Dex+3}
 25387 | Gauntlet | Found a transporter.
 25450 | D:15     | Reached skill level 10 in Shields
 25608 | D:15     | Found a shimmering blue altar of Sif Muna.
 25688 | D:15     | Found a shimmering blue altar of Sif Muna.
 25968 | D:15     | Noticed Nessos
 25980 | D:15     | Reached skill level 11 in Shields
 25984 | D:15     | Killed Nessos
 26259 | D:15     | Paralysed by an orc sorcerer for 5 turns
 26320 | D:15     | Found a staircase to the Depths.
 26332 | D:15     | Reached skill level 12 in Shields
 26573 | D:15     | Found a glowing golden altar of the Shining One.
 27280 | Orc:1    | Entered Level 1 of the Orcish Mines
 27471 | Orc:1    | Found Baodad's Assorted Antiques.
 27634 | Orc:1    | Found a runed translucent gate.
 27642 | Orc:1    | Found a runed translucent gate.
 27657 | Orc:1    | Found a runed translucent gate.
 27667 | Orc:1    | Found Viaprosh's Assorted Antiques.
 27667 | Orc:1    | Found an opulent altar of Gozag.
 27669 | Orc:1    | Noticed Takly's ghost (journeyman MiBe)
 27748 | Orc:2    | Entered Level 2 of the Orcish Mines
 27825 | Orc:2    | Found a burning altar of Makhleb.
 28058 | Orc:2    | Noticed Maurice
 28074 | Orc:2    | Killed Maurice
 28074 | Orc:2    | Reached skill level 13 in Shields
 28422 | Orc:2    | Found Loch's General Store.
 28432 | Orc:2    | Found Egodetzomiu's General Store.
 28529 | Orc:2    | Bought a potion of heal wounds for 65 gold pieces
 28606 | Orc:2    | Reached skill level 14 in Shields
 28657 | Orc:2    | Reached XP level 17. HP: 85/115 MP: 21/24
 28675 | Orc:2    | Paralysed by an orc sorcerer for 7 turns
 28927 | Orc:2    | Found Ysodof's Antique Armour Shoppe.
 28927 | Orc:2    | Found a one-way gate leading to the halls of Pandemonium.
 28927 | Orc:2    | Found Daodiphi's Gadget Emporium.
 28930 | Orc:2    | Bought a brightly glowing tower shield for 256 gold pieces
 28936 | Orc:2    | Identified the cursed +0 tower shield of Divine Compulsion
                  | {Int+7} (You bought it in a shop on level 2 of the Orcish
                  | Mines)
 28949 | Orc:2    | Bought a wand of clouds (6) for 360 gold pieces
 29036 | Orc:2    | Found a staircase to the Elven Halls.
 29251 | Orc:2    | Found a roughly hewn altar of Beogh.
 29633 | Spider:1 | Entered Level 1 of the Spider Nest
 29782 | Spider:1 | Reached skill level 15 in Shields
 30796 | Spider:2 | Reached skill level 16 in Shields
 32278 | Spider:3 | Noticed Arachne
 32289 | Spider:3 | Reached skill level 17 in Shields
 32314 | Spider:3 | HP: 7/172 [Arachne/uncursed staff of poison (8)]
 32315 | Spider:3 | HP: 3/115 [poisoned by Arachne]
 32315 | Spider:3 | HP: 1/115 [wolf spider (2)]
 32315 | Spider:3 | Slain by a wolf spider

Levels and vault maps discovered:
D:1:      ncdulo_lavacross, layout_basic
D:2:      layout_basic, marbit_many_paths, lemuel_crystal_altar
D:3:      layout_basic, first_ration, uniq_natasha, uniq_jessica, uniq_sigmund,
          uniq_ijyb
D:4:      layout_gridville, dancing_weapons_uskayaw, gup_sewer_entry_pipe
D:5:      layout_loops_corners, lemuel_crystal_altar, bloody_makhleb,
          nicolae_overflow_crystal_walls
D:6:      layout_loops_ring, old_standard_altar, serial_undead, serial_undead_a,
          serial_undead_f, serial_undead_f, serial_undead_f, serial_shops, shop,
          hangedman_abyss_or_decor_stagger, moated_statue,
          kennysheep_generic_room_12, uniq_duvessa, uniq_blork_the_orc
D:7:      layout_loops_ring, lemuel_round_altar, minmay_temple_entry_arrows
D:8:      layout_basic, gammafunk_temple_overflow_pools, basic_altar
D:9:      layout_loops_ring, hangedman_pestilent_swarm
D:10:     layout_loops_corners, david_lair_shrubbed, david_orc_3, serial_shops,
          nicolae_shop_waterfront
D:11:     layout_roguey, kennysheep_cluttered_room
D:12:     layout_gridville
D:13:     layout_basic, david_vaults_4, fungi_pond_lemuel, uniq_josephine
D:14:     layout_roguey, serial_ice, serial_ice_k, serial_ice_b, serial_ice_n,
          serial_ice_f, serial_ice_e, serial_ice_h, serial_ice_g, serial_ice_a,
          serial_ice_d, serial_ice_o, portal_ice_cave_rime,
          kennysheep_generic_room_11
D:15:     grunt_enter_depths_magical_seal, layout_basic, gauntlet_entry_generic,
          basic_altar, tgw_sif, tso_altar, uniq_nessos
Lair:1:   layout_cave_shapes, grunt_megastairs_3, uniq_urug
Lair:2:   layout_misc_corridors, minmay_stone_trees_small
Lair:3:   layout_concentric_octagons, nicolae_spider_entry_non_spiders,
          kb_xom_exploding_sheep, uniq_fannar
Lair:4:   regret_index_harrowing_hell_hive, layout_regular_city,
          minmay_swamp_entry_reptiles
Lair:5:   layout_regular_city, lemuel_fruit_tree
Lair:6:   hangedman_lair_tendril_chambers, layout_cave_pods,
          minmay_slime_entry_jelly_boxes
Spider:1: layout_spider_delve, special_room [special_room_bee]
Spider:2: layout_chambers, hangedman_stitches_earthworm
Spider:3: layout_spider_delve, nicolae_arachne_temple, uniq_arachne
Orc:1:    layout_caves, serial_shops, shop, ebering_ghost_gozag
Orc:2:    pf_orc_diabolical, layout_diamond_mine, basic_altar,
          minmay_orc_temple_a, uniq_maurice

Skill      XL: |  1  2  3  4  5  6  7  8  9 10 11 12 13 14 15 16 17 |
---------------+----------------------------------------------------+-----
Fighting       | 3 4 6 10 | 10.0
Long Blades    | 4 6 10 13 14 | 14.0
Dodging        | 4 6 9 10 11 14 16 | 16.0
Invocations    | 6 7 10 | 10.0
Evocations     | 5 6 10 | 10.0
Shields        | 2 9 14 17 | 17.3
Throwing       | |  2.0

Action                   |  1- 3 |  4- 6 |  7- 9 | 10-12 | 13-15 | 16-18 || total
-------------------------+-------+-------+-------+-------+-------+-------++-------
Melee: Long sword        |    50 |    72 |   286 |   347 |       |       ||   755
       Constrict         |    18 |    24 |    82 |    59 |   110 |   223 ||   516
       Tentacles         |     9 |    18 |   104 |   238 |   336 |   395 ||  1100
       Great sword       |       |       |       |    50 |   263 |       ||   313
       Demon blade       |       |       |       |       |   406 |   753 ||  1159
Invok: Slouch            |       |       |       |     3 |     6 |     5 ||    14
Evoke: Wand              |       |       |       |     7 |     3 |    20 ||    30
  Use: Scroll            |       |     9 |       |    21 |     6 |     3 ||    39
       Potion            |       |     3 |     1 |       |     1 |       ||     5
 Stab: Sleeping          |     6 |     7 |    13 |    26 |    26 |    13 ||    91
       Distracted        |       |       |     1 |       |     5 |     4 ||    10
       Paralysed         |       |       |       |     9 |       |       ||     9
       Fleeing           |       |       |       |       |     1 |       ||     1
  Eat: Chunk             |     1 |     3 |    10 |    13 |    16 |    14 ||    57
       Ration            |       |     1 |       |       |     1 |       ||     2
Armor: Skin              |     5 |     9 |    22 |    15 |    29 |    17 ||    97
Dodge: Dodged            |    49 |    55 |   240 |   436 |   722 |   672 ||  2174
Block: Buckler           |       |       |       |       |   117 |   185 ||   302
       Tower shield      |       |       |       |       |       |   463 ||   463
       Rpst.: Long sword |    16 |    14 |    78 |    97 |       |       ||   205
       Great sword       |       |       |       |    19 |   108 |       ||   127
       Demon blade       |       |       |       |       |    89 |   137 ||   226

Table legend:
 A = Non-vault XP
 B = Vault XP
 C = Vault XP percentage of total XP
 D = Non-vault monster count
 E = Vault monster count
 F = Vault count percentage of total count
                 A         B        C        D         E       F
            +---------+---------+-------+---------+---------+-------
      Total |  158465 |   83795 |  34.6 |     758 |     349 |  31.5
            +---------+---------+-------+---------+---------+-------
        D:1 |      25 |       0 |   0.0 |      15 |       0 |   0.0
        D:2 |     126 |       2 |   1.6 |      24 |       1 |   4.0
        D:3 |      65 |     339 |  83.9 |      12 |       4 |  25.0
        D:4 |     193 |      15 |   7.2 |      20 |       6 |  23.1
        D:5 |     512 |       0 |   0.0 |      26 |       0 |   0.0
        D:6 |    1084 |     474 |  30.4 |      32 |      12 |  27.3
        D:7 |    2338 |       0 |   0.0 |      40 |       0 |   0.0
        D:8 |     297 |       0 |   0.0 |       5 |       0 |   0.0
        D:9 |    3102 |     870 |  21.9 |      28 |       4 |  12.5
       D:10 |    4559 |     733 |  13.9 |      26 |       7 |  21.2
       D:11 |    4086 |       0 |   0.0 |      17 |       0 |   0.0
       D:12 |    3401 |       0 |   0.0 |      23 |       0 |   0.0
       D:13 |    5524 |    4004 |  42.0 |      25 |       9 |  26.5
       D:14 |   18263 |    4474 |  19.7 |      51 |      27 |  34.6
       D:15 |   23676 |    9994 |  29.7 |      60 |      13 |  17.8
     Lair:1 |    7240 |    1351 |  15.7 |      37 |       3 |   7.5
     Lair:2 |    3998 |       0 |   0.0 |      24 |       0 |   0.0
     Lair:3 |    6350 |    1177 |  15.6 |      16 |       9 |  36.0
     Lair:4 |    3496 |    9597 |  73.3 |      16 |      56 |  77.8
     Lair:5 |    3663 |       0 |   0.0 |      16 |       0 |   0.0
     Lair:6 |   18055 |   10392 |  36.5 |      54 |      50 |  48.1
   Spider:1 |   12986 |    2516 |  16.2 |      40 |      25 |  38.5
   Spider:2 |   20733 |    3232 |  13.5 |      62 |       9 |  12.7
   Spider:3 |    4036 |    8374 |  67.5 |       9 |      19 |  67.9
      Orc:1 |    1238 |       0 |   0.0 |      23 |       0 |   0.0
      Orc:2 |    9419 |   17680 |  65.2 |      57 |      72 |  55.8
      IceCv |       0 |    3261 | 100.0 |       0 |      11 | 100.0
   Gauntlet |       0 |    5310 | 100.0 |       0 |      12 | 100.0
            +---------+---------+-------+---------+---------+-------
